 Dungeon Crawl Stone Soup version 0.20-a0 (webtiles) character file.

20465 varam the Severer (level 12, -1/72 HPs)
             Began as a Gargoyle Fighter on Oct 27, 2016.
             Was a High Priest of Okawaru.
             Shot with a bolt by a yaktaur (16 damage)
             ... on level 13 of the Dungeon.
             The game lasted 00:41:07 (14794 turns).

varam the Severer (Gargoyle Fighter)               Turns: 14794, Time: 00:41:07

Health: -1/72      AC: 24    Str: 22      XL:     12   Next: 79%
Magic:  12/12      EV:  8    Int: 11      God:    Okawaru [*****.]
Gold:   728        SH: 12    Dex: 13 (14) Spells: 0 memorised, 11 levels left

rFire  . . .     SeeInvis .     M - +10 spear of the Ancient Souls {speed, rElec Int+4}
rCold  . . .     Gourm    .     b - +0 scale mail
rNeg   + . .     Faith    .     c - +0 shield
rPois  ∞         Spirit   .     t - +1 helmet
rElec  +         Reflect  .     V - +1 cloak
rCorr  .         Harm     .     (no gloves)
MR     .....                    u - +1 pair of boots
Stlth  ..........               e - amulet of rage
                                (no ring)
                                v - ring of flight

@: no status effects
A: thin skeletal structure 1, yellow scales 1, deterioration 1, dopey 1,
negative energy resistance 1, sense surroundings 1, screaming 1, electricity
resistance, wild magic 1, unbreathing, petrification resistance, rot immunity,
AC +8
a: Heroism, Finesse, Renounce Religion, Evoke Berserk Rage, Evoke Flight


You were on level 13 of the Dungeon.
You worshipped Okawaru.
Okawaru was extremely pleased with you.
You were full.

You visited 3 branches of the dungeon, and saw 15 of its levels.

You collected 798 gold pieces.
You spent 70 gold pieces at shops.

Inventory:

Hand Weapons
 o - a +1 broad axe of chopping
 x - the +2 eveningstar of Upheaval {drain, rElec rC++ Str+4 Dex-4}
   (You found it on level 13 of the Dungeon)

   A truly terrible weapon, it drains the life of those it strikes.
   It affects your strength (+4).
   It affects your dexterity (-4).
   It greatly protects you from cold.
   It insulates you from electricity.
 D - a +1 flail of holy wrath
 L - the +1 war axe of Odgham {chop, *Corrode rN+ Stlth+}
   (You found it on level 11 of the Dungeon)

   It inflicts extra damage upon your enemies.
   It protects you from negative energy.
   It may corrode you when you take damage.
   It makes you more stealthy.
 M - the +10 spear of the Ancient Souls (weapon) {speed, rElec Int+4}
   (You found it on level 6 of the Dungeon)

   Attacks with this weapon are significantly faster.
   It affects your intelligence (+4).
   It insulates you from electricity.
Missiles
 X - 3 poisoned tomahawks (quivered)
Armour
 b - a +0 scale mail (worn)
 c - a +0 shield (worn)
 t - a +1 helmet (worn)
 u - a +1 pair of boots (worn)
 V - a +1 cloak (worn)
Jewellery
 e - an amulet of rage (around neck)
 h - an uncursed ring of protection from cold {unknown}
 v - a ring of flight (left hand)
 K - an uncursed amulet of the gourmand
Wands
 j - a wand of lightning (10/15)
 P - a wand of acid (3/15)
 R - a wand of disintegration (5/24)
 T - a wand of iceblast (8/15)
 U - a wand of digging (6/24)
Scrolls
 a - a scroll of brand weapon {unknown}
 f - 3 scrolls of identify {@r1}
 g - 2 scrolls of remove curse {@r2}
 k - 4 scrolls of magic mapping
 l - a scroll of random uselessness {unknown}
 r - a scroll of holy word {unknown}
 w - 3 scrolls of blinking
 z - 5 scrolls of teleportation
Potions
 d - 2 potions of might
 m - a potion of invisibility
 n - 3 potions of agility
 p - 9 potions of curing {@q1}
 q - 2 potions of haste
 B - 2 potions of heal wounds
 F - a potion of flight
Comestibles
 i - a bread ration
 s - 20 chunks of flesh


   Skills:
 + Level 7.1 Fighting
 - Level 16.0 Axes
 - Level 3.2 Armour
 - Level 9.6 Shields
 + Level 0.2 Invocations
 + Level 0.3 Evocations


You had 11 spell levels left.
You didn't know any spells.

Dungeon Overview and Level Annotations

Branches:
Dungeon (13/15)            Temple (1/1) D:7            Lair (1/6) D:9
    Orc (0/2) D:11         Vaults (0/5) D:13

Altars:
Ashenzari
Cheibriados
Dithmenos
Elyvilon
Fedhas
Gozag
Hepliaklqana
Kikubaaqudgha
Makhleb
Nemelex Xobeh
Okawaru
Qazlal
Ru
Sif Muna
Trog
Uskayaw
Vehumet
Xom
Yredelemnul
Zin
The Shining One
Lugonu

Shops:
D:10 [(*((

Annotations:
D:5 1 exclusion
D:9 exclusion: statue


Innate Abilities, Weirdness & Mutations

You are resistant to torment.
Your stone body is resilient. (AC +8)
You are immune to poison.
You resist negative energy. (rN+)
You are resistant to electric shocks. (rElec)
You can survive without breathing.
You are immune to petrification.
You are immune to rotting.
You have a somewhat thin skeletal structure. (Dex +2, Stealth)
You are partially covered in yellow scales. (AC +2)
Your body sometimes deteriorates upon taking damage.
You are dopey. (Int -2)
You passively map a small area around you.
You occasionally shout uncontrollably at your foes.
Your spells are a little harder to cast, but a little more powerful.


Message History

You reach to attack!
You puncture the yaktaur!
The yaktaur is moderately wounded.
Attack whom?
Press: ? - help, Dir - move target cursor, f/p - yaktaur
Aim: a yaktaur, wielding an arbalest (moderately wounded)
You reach to attack!
You hit the yaktaur.
The yaktaur is heavily wounded.
A yaktaur and a yaktaur captain come into view.
The yaktaur shoots a bolt.
The bolt hits you!
You see here a bolt.
The yaktaur wields an arbalest.
The yaktaur shoots a bolt.
The bolt hits you.
You see here a bolt.
You see here a bolt.
The yaktaur shoots a bolt.
The bolt hits you!
There is an escape hatch in the ceiling here.
You see here a bolt.
The yaktaur shoots a bolt.
The bolt hits you!
* * * LOW HITPOINT WARNING * * *
The yaktaur shoots a bolt.
The bolt hits you!
You die...

....## #.# *
#.# .....#
*#.. , #.####
.........##
#.[..#
.....###.
#.####.#
....## .* #.
#.# ...##
####.####.#
#.##
,#.......#.#
.#
*,#.......#.#
.# ,
*#.|.@#.# ,
,#...(..# ,
#.c.(###
#c.(.# ,,
,#.c..#
#....c.#### ,
#∩c....* ,,
###...# *
,.....


You could see a yaktaur captain, 2 yaktaurs and a centaur.

Vanquished Creatures
  Erolcha (D:10)
  A hydra (D:11)
  A death yak (D:10)
  2 hill giants
  Pikel (D:5)
  A cyclops (D:12)
  A manticore (D:13)
  Joseph (D:7)
  Maurice (D:8)
  The ghost of feelmyfire the Basher, a novice MiFi of Okawaru (D:5)
  A gargoyle (D:10)
  A spiny frog (D:9)
  2 centaur skeletons
  A polar bear (D:10)
  A troll (D:9)
  2 two-headed ogres
  Prince Ribbit (D:9)
  Grinder (D:6)
  3 hippogriffs
  A centaur simulacrum (D:10)
  2 wraiths
  Sigmund (D:3)
  4 hogs (D:9)
  A vampire (D:10)
  2 wyverns (D:12)
  16 yaks
  A human (D:9)
  A hungry ghost (D:12)
  Edmund (D:6)
  5 swamp worms (D:11)
  Duvessa (D:7)
  A porcupine (Lair:1)
  7 orc warriors
  A meliai simulacrum (D:10)
  4 sky beasts
  5 phantoms
  3 black bears
  A necrophage (D:10)
  7 ice beasts
  4 ogres
  4 centaurs
  4 wolves
  A big kobold (D:9)
  Blork the orc (D:5)
  9 bullfrogs
  Dowan (D:7)
  4 scorpions
  3 killer bees (D:9)
  3 howler monkeys (D:10)
  5 wights (D:10)
  10 electric eels
  10 crimson imps
  2 quasits
  3 jellies
  A centaur zombie (D:9)
  An iron imp (D:8)
  6 orc priests
  Crazy Yiuf (D:6)
  A gnoll shaman (D:6)
  10 orc wizards
  11 hounds
  4 iguanas
  7 worker ants
  A bullfrog simulacrum (D:10)
  Robin (D:2)
  A worker ant zombie (D:9)
  13 gnolls
  17 adders
  A shadow imp (D:4)
  3 white imps (D:10)
  A worker ant simulacrum (D:10)
  An ufetubus (D:10)
  An ooze (D:3)
  An adder skeleton (D:8)
  An adder zombie (D:9)
  16 worms
  A leopard gecko (D:11)
  28 orcs
  7 bats
  6 giant cockroaches
  15 goblins
  10 hobgoblins
  15 jackals
  9 kobolds
  6 quokkas
  A ball python (D:1)
  10 frilled lizards
  10 rats
371 creatures vanquished.

Vanquished Creatures (others)
  3 slaves (D:5)
  An orc wizard (D:5)
  A worker ant (D:5)
  A white imp (D:10)
  6 plants
12 creatures vanquished.

Grand Total: 383 creatures vanquished

Notes
Turn   | Place    | Note
-------+----------+-------------------------------------------
     0 | D:1      | varam the Gargoyle Fighter began the quest for the Orb.
     0 | D:1      | Reached XP level 1. HP: 14/14 MP: 1/1
    44 | D:1      | Reached skill level 2 in Axes
   230 | D:1      | Reached XP level 2. HP: 19/19 MP: 2/2
   560 | D:1      | Reached skill level 3 in Axes
   560 | D:1      | Reached XP level 3. HP: 21/23 MP: 3/3
   849 | D:2      | Reached XP level 4. HP: 24/28 MP: 4/4
   940 | D:2      | Reached skill level 4 in Axes
  1006 | D:2      | Noticed Robin
  1027 | D:2      | Killed Robin
  1169 | D:2      | Found a sacrificial altar of Ru.
  1221 | D:2      | Reached XP level 5. HP: 29/32 MP: 5/5
  1416 | D:2      | Found a shadowy altar of Dithmenos.
  2055 | D:3      | Reached skill level 5 in Axes
  2301 | D:3      | Found a white marble altar of Elyvilon.
  2373 | D:3      | Noticed Sigmund
  2392 | D:3      | Killed Sigmund
  2392 | D:3      | Reached skill level 6 in Axes
  2392 | D:3      | Reached XP level 6. HP: 34/37 MP: 6/6
  2721 | D:4      | Noticed a phantom
  2761 | D:4      | Killed a phantom
  2761 | D:4      | Reached XP level 7. HP: 32/41 MP: 7/7
  2952 | D:4      | Reached skill level 7 in Axes
  2987 | D:4      | Found a basalt altar of Yredelemnul.
  3497 | D:4      | Found a glowing silver altar of Zin.
  3497 | D:4      | Noticed an angel
  3688 | D:5      | Entered Level 5 of the Dungeon
  3880 | D:5      | Noticed Pikel
  3929 | D:5      | Killed Pikel
  3929 | D:5      | Reached skill level 9 in Axes
  3929 | D:5      | Reached XP level 8. HP: 38/46 MP: 8/8
  4097 | D:5      | Noticed Blork the orc
  4122 | D:5      | Killed Blork the orc
  4231 | D:5      | Found a hazy altar of Hepliaklqana.
  4263 | D:5      | Found a deep blue altar of Sif Muna.
  4413 | D:5      | Noticed feelmyfire's ghost (novice MiFi)
  4654 | D:5      | Killed feelmyfire's ghost
  4654 | D:5      | Reached skill level 10 in Axes
  4775 | D:6      | Noticed Edmund
  4789 | D:6      | Killed Edmund
  4789 | D:6      | Reached XP level 9. HP: 50/51 MP: 9/9
  4907 | D:6      | Found a runed door.
  4943 | D:6      | Noticed Crazy Yiuf
  4948 | D:6      | Killed Crazy Yiuf
  5019 | D:6      | Noticed a two-headed ogre
  5028 | D:6      | Noticed Grinder
  5057 | D:6      | Paralysed by Grinder for 4 turns
  5093 | D:6      | Killed Grinder
  5133 | D:6      | Reached skill level 11 in Axes
  5332 | D:6      | Got a twisted spear
  5333 | D:6      | Identified the +10 spear of the Ancient Souls {speed, rElec Int+4} (You found it on level 6 of the Dungeon)
  5660 | D:6      | Killed a two-headed ogre
  5660 | D:6      | Reached skill level 12 in Axes
  5979 | D:7      | Noticed Duvessa
  5980 | D:7      | Noticed Dowan
  5983 | D:7      | Noticed Joseph
  6028 | D:7      | Found a staircase to the Ecumenical Temple.
  6041 | Temple   | Entered the Ecumenical Temple
  6069 | Temple   | Became a worshipper of Warmaster Okawaru
  6093 | D:7      | Reached XP level 10. HP: 56/56 MP: 10/10
  6243 | D:7      | Killed Joseph
  6462 | D:7      | Found a glowing golden altar of the Shining One.
  6473 | D:7      | Killed Duvessa
  6478 | D:7      | Killed Dowan
  6493 | D:7      | Reached skill level 13 in Axes
  7227 | D:7      | Reached * piety under Okawaru
  7234 | D:7      | Gained mutation: Your spells are a little harder to cast, but a little more powerful. [mutagenic meat]
  7235 | D:7      | Gained mutation: You are partially covered in yellow scales. (AC +2) [mutagenic meat]
  7236 | D:7      | Gained mutation: You occasionally shout uncontrollably at your foes. [mutagenic meat]
  7238 | D:7      | Gained mutation: You have a somewhat thin skeletal structure. (Dex +2, Stealth) [mutagenic meat]
  7639 | D:8      | Noticed Maurice
  7652 | D:8      | Killed Maurice
  7828 | D:8      | Found an opulent altar of Gozag.
  7965 | D:8      | Found a snail-covered altar of Cheibriados.
  8002 | D:8      | Found a blossoming altar of Fedhas.
  8006 | D:8      | Found a burning altar of Makhleb.
  8006 | D:8      | Found a shimmering altar of Xom.
  8215 | D:9      | Found a bloodstained altar of Trog.
  8457 | D:9      | Reached ** piety under Okawaru
  8457 | D:9      | Reached skill level 14 in Axes
  8682 | D:9      | Found a staircase to the Lair.
  8695 | D:9      | Noticed Prince Ribbit
  8699 | D:9      | Reached XP level 11. HP: 48/60 MP: 11/11
  8716 | D:9      | Killed Prince Ribbit
  8758 | D:9      | Reached *** piety under Okawaru
  8901 | D:9      | Found a radiant altar of Vehumet.
  9751 | D:10     | Entered Level 10 of the Dungeon
  9780 | D:9      | Reached skill level 15 in Axes
  9873 | D:10     | Reached **** piety under Okawaru
 10388 | D:10     | Noticed a hill giant
 10401 | D:10     | Killed a hill giant
 10446 | D:10     | Found Fiohuhoz's General Store.
 10453 | D:10     | Bought a potion of heal wounds for 70 gold pieces
 10474 | D:10     | Found Xeiseih's Antique Weapon Shop.
 10475 | D:10     | Noticed a death yak
 10550 | D:10     | Killed a death yak
 10614 | D:10     | Reached ***** piety under Okawaru
 10902 | D:10     | Noticed Erolcha
 10912 | D:10     | Killed Erolcha
 10920 | D:10     | Reached skill level 16 in Axes
 11011 | D:10     | Found Senkekk's Weapon Boutique.
 11024 | D:10     | Found Apranong's Antique Weapon Shoppe.
 11074 | D:10     | Received a gift from Okawaru
 11255 | D:10     | Found Ogugullu's Armour Shop.
 11571 | D:10     | Reached skill level 5 in Shields
 11571 | D:10     | Reached XP level 12. HP: 43/66 MP: 12/12
 11681 | D:11     | Noticed a four-headed hydra
 11933 | D:11     | Gained mutation: You are dopey. (Int -2) [mutagenic meat]
 11934 | D:11     | Gained mutation: Your flesh is cold resistant. (rC+) [mutagenic meat]
 11936 | D:11     | Gained mutation: Your body sometimes deteriorates upon taking damage. [mutagenic meat]
 12067 | D:11     | Killed a four-headed hydra
 12067 | D:11     | Reached skill level 5 in Fighting
 12242 | D:11     | Gained mutation: You are clumsy. (Dex -2) [mutagenic meat]
 12243 | D:11     | Lost mutation: Your flesh is cold resistant. (rC+) [mutagenic meat]
 12244 | D:11     | Gained mutation: You have an increased reservoir of magic. (+10% MP) [mutagenic meat]
 12259 | D:11     | Found a staircase to the Orcish Mines.
 12326 | D:11     | Gained mutation: You passively map a small area around you. [potion of mutation]
 12326 | D:11     | Lost mutation: You are clumsy. (Dex -2) [potion of mutation]
 12326 | D:11     | Lost mutation: You have an increased reservoir of magic. (+10% MP) [potion of mutation]
 12590 | D:11     | Received a gift from Okawaru
 12959 | D:11     | Got a pitted war axe
 12960 | D:11     | Identified the cursed +1 war axe of Odgham {chop, *Corrode rN+ Stlth+} (You found it on level 11 of the Dungeon)
 13457 | Lair:1   | Entered Level 1 of the Lair of Beasts
 14103 | D:12     | Found a sparkling altar of Nemelex Xobeh.
 14645 | D:13     | Got a warped eveningstar
 14646 | D:13     | Identified the +2 eveningstar of Upheaval {drain, rElec rC++ Str+4 Dex-4} (You found it on level 13 of the Dungeon)
 14785 | D:13     | Found a gate to the Vaults.
 14790 | D:13     | Noticed a yaktaur captain
 14794 | D:13     | Shot with a bolt by a yaktaur

Vault maps used:
D:1:      lemuel_arrival_funnel, minmay_shallow_snake_nest
D:2:      lemuel_doored_altar, lemuel_coloured_pillars_altar, moated_statue,
          st_stairs_7, minmay_misc_feat_rows, uniq_robin
D:3:      elyvilon_altar_3, first_bread, serial_curves, eino_curves_04,
          eino_curves_02, eino_curves_03, kennysheep_doodads, uniq_sigmund
D:4:      lemuel_crystal_altar, zin_angel, kennysheep_windowed_goal
D:5:      led_sif_book, kennysheep_mini_moat, uniq_blork_the_orc, uniq_pikel
D:6:      kennysheep_windowed_halls, uniq_crazy_yiuf_cottage, uniq_grinder,
          uniq_edmund
D:7:      tso_metal_star, water_maze_lemuel, uniq_joseph, uniq_duvessa
D:8:      slow_altar_1, overflow_temple_1_default,
          gammafunk_temple_overflow_forgotten, uniq_maurice
D:9:      vehumet_statue, lemuel_round_altar, erik_lair_island, grunt_livestock,
          uniq_prince_ribbit1
D:10:     serial_shops, shop, shop_fountains,
          nicolae_shop_temple_entry_statues_fountains, shop, shop, serial_ice,
          serial_ice_b, serial_ice_d, serial_ice_l, serial_ice_e, serial_ice_c,
          serial_ice_g, serial_ice_o, serial_ice_f, st_stairs_13,
          grunt_ministairs_10, uniq_erolcha
D:11:     worms_lemuel
D:12:     basic_altar
D:13:     david_vaults_2, trog_ov_bears_minmay
Temple:   corrupted_temple
Lair:1:   serial_bayou, serial_bayou_ford_a, serial_bayou_lake_a,
          serial_bayou_lagoon_a, serial_bayou_pond_b

Skill      XL: |  1  2  3  4  5  6  7  8  9 10 11 12 |
---------------+-------------------------------------+-----
Axes           | 2 3 4 6 9 10 12 14 16 | 16.0
Shields        | 5 9 |  9.6
Fighting       | 4 7 |  7.1
Armour         | |  3.2
Invocations    | |  0.2
Evocations     | |  0.3

Action                   |  1- 3 |  4- 6 |  7- 9 | 10-12 || total
-------------------------+-------+-------+-------+-------++-------
Melee: War axe           |    83 |   204 |   240 |       ||   527
       Whip              |       |       |    11 |       ||    11
       Spear             |       |       |    95 |  1079 ||  1174
       Hand axe          |       |       |       |    10 ||    10
       Eveningstar       |       |       |       |    24 ||    24
       Broad axe         |       |       |       |    12 ||    12
Invok: Heroism           |       |       |       |     5 ||     5
       Finesse           |       |       |       |     1 ||     1
 Abil: Evoke Flight      |       |       |       |     1 ||     1
  Use: Scroll            |       |     2 |     4 |    12 ||    18
       Potion            |       |       |       |     4 ||     4
  Eat: Chunk             |       |     6 |    13 |    39 ||    58
       Bread ration      |       |       |     1 |     1 ||     2
Armor: Scale mail        |    56 |    99 |   158 |   283 ||   596
Dodge: Dodged            |    23 |    73 |    82 |   128 ||   306
Block: Shield            |    46 |    84 |    96 |   220 ||   446
       Large shield      |       |       |       |     9 ||     9
